Map: New Gettysburg LE

Players

Seanzy - Winner!

  • Race: Zerg Zerg
  • League: Gold
  • Spawn Location: 5:00

Fropez

  • Race: Protoss Protoss
  • League: Gold
  • Spawn Location: 7:00

VOD

Have the link to the VOD?

Description

Time

  • Played on: July 12, 2016, 6:48 p.m.
  • Length: 13:28
Show
View Real Time Build Order
Export as new Build Order

Seanzy Zerg - Winner!

Build Orders: Hatch First 

Get SALT Encoding   

  12  0:01  Drone  
  13  0:13  Overlord  
  13  0:18  Drone  
  14  0:31  Drone  
  14  0:32  Drone  
  14  0:35  Drone  
  17  0:54  Hatchery  
  16  1:01  Drone  
  16  1:03  Extractor, Drone  
  17  1:22  Spawning Pool  
  17  1:24  Drone x2  
  18  1:29  Drone  
  19  1:42  Drone  
  20  1:50  Overlord  
  20  2:08  Queen  
  20  2:09  Queen  
  20  2:11  Metabolic Boost  
  20  2:13  Zergling x2  
  20  2:15  Zergling x2  
  26  2:30  Zergling x2  
  27  2:56  Drone x5  
  32  2:58  Hatchery  
  32  2:59  Drone  
  32  3:06  Overlord  
  32  3:28  Extractor, Lair  
  31  3:37  Spore Crawler, Drone x5  
  35  3:42  Spore Crawler  
  35  3:44  Drone x2  
  35  3:46  Drone  
  37  4:02  Queen  
  39  4:08  Zergling x8  
  43  4:18  Queen  
  45  4:28  Drone x5  
  45  4:30  Overlord  
  45  4:31  Overlord  
  50  4:51  Drone x2  
  50  4:52  Drone  
  53  4:56  Drone x5  
  53  4:57  Drone x4  
  61  5:11  Drone x4  
  61  5:12  Drone  
  61  5:13  Evolution Chamber  
  61  5:14  Evolution Chamber  
  61  5:35  Extractor x2  
  58  5:43  Drone x4  
  58  5:46  Spore Crawler  
  61  5:50  Drone x3  
  61  5:51  Drone x2  
  61  5:54  Overlord x5  
  61  5:55  Overseer  
  66  5:58  Overseer  
  66  6:01  Zerg Ground Armor Level 1  
  66  6:23  Hydralisk Den  
  65  6:27  Spire  
  65  6:29  Zerg Missile Weapons Level 1  
  64  6:34  Queen  
  66  6:45  Overseer  
  66  6:54  Hydralisk x5  
  66  6:59  Hydralisk x5  
  66  7:00  Hydralisk x4  
  93  7:06  Overlord x4  
  93  7:32  Hydralisk  
  93  7:33  Hydralisk x6  
  107  7:53  Infestation Pit  
  106  7:58  Extractor  
  106  7:59  Extractor  
  104  8:14  Drone  
  104  8:15  Drone x2  
  104  8:16  Drone x3  
  110  8:28  Zergling x2  
  110  8:29  Zergling x22  
  122  8:46  Hive  
  122  9:04  Overlord  
  122  9:05  Overlord x8  
  122  9:06  Overlord x6  
  122  9:14  Hatchery  
  105  9:31  Hydralisk  
  105  9:32  Hydralisk x9  
  120  9:42  Zergling x2  
  113  9:50  Zerg Ground Armor Level 2  
  99  9:55  Zerg Missile Weapons Level 2  
  92  10:07  Drone  
  88  10:35  Overseer  
  88  10:57  Mutalisk  
  88  10:58  Mutalisk x16  
  122  11:08  Muscular Augments  
  122  12:01  Zergling x16  
  123  12:02  Zergling x46  
  153  12:12  Zergling x2  
  153  12:13  Zergling x18  
  163  12:47  Zergling x2  
  163  12:48  Zergling x34  
Show
View Real Time Build Order
Export as new Build Order

Fropez Protoss 

Build Orders:  

Get SALT Encoding   

  12  0:01  Probe (Chrono Boost)  
  13  0:16  Pylon  
  13  0:18  Probe (Chrono Boost)  
  14  0:29  Probe (Chrono Boost)  
  15  0:40  Probe (Chrono Boost)  
  16  0:45  Gateway  
  16  0:50  Probe (Chrono Boost)  
  17  1:01  Probe (Chrono Boost)  
  19  1:11  Probe (Chrono Boost)  
  19  1:16  Pylon  
  19  1:22  Probe (Chrono Boost)  
  20  1:28  Pylon  
  20  1:32  Probe (Chrono Boost)  
  21  1:36  Cybernetics Core  
  21  1:41  Assimilator  
  21  1:43  Probe (Chrono Boost)  
  21  1:46  Assimilator  
  22  1:57  Gateway  
  22  2:00  Gateway  
  22  2:03  Probe (Chrono Boost)  
  23  2:13  Probe (Chrono Boost)  
  24  2:32  Nexus  
  24  2:38  Probe (Chrono Boost)  
  24  2:43  Warp Gate (Chrono Boost)  
  24  2:50  Mothership Core (Chrono Boost)  
  26  2:56  Zealot  
  28  3:09  Probe (Chrono Boost)  
  29  3:13  Zealot  
  29  3:14  Zealot  
  29  3:19  Probe (Chrono Boost)  
  34  3:22  Pylon  
  34  3:30  Probe (Chrono Boost)  
  35  3:40  Probe (Chrono Boost)  
  36  3:43  Forge  
  36  3:46  Probe (Chrono Boost)  
  37  3:57  Probe (Chrono Boost)  
  37  3:59  Probe  
  39  4:04  Assimilator  
  39  4:06  Assimilator  
  39  4:11  Pylon x2  
  39  4:18  Pylon  
  39  4:20  Probe  
  39  4:22  Protoss Ground Weapons Level 1 (Chrono Boost)  
  40  4:24  Probe  
  41  4:47  Gateway  
  41  4:48  Gateway  
  41  4:50  Pylon  
  41  4:58  Pylon  
  41  5:08  Probe x2  
  43  5:17  Stargate  
  43  5:19  Stargate, Zealot  
  43  5:20  Probe  
  44  5:25  Zealot  
  44  5:29  Zealot  
  44  5:31  Probe  
  44  5:34  Probe  
  48  5:39  Protoss Air Weapons Level 1  
  46  5:43  Probe  
  46  5:46  Probe  
  48  6:03  Phoenix, Protoss Shields Level 1 (Chrono Boost)  
  50  6:04  Phoenix  
  50  6:07  Probe  
  50  6:08  Probe  
  54  6:19  Twilight Council, Probe  
  54  6:20  Probe  
  56  6:28  Phoenix  
  56  6:31  Probe  
  59  6:33  Phoenix  
  61  6:48  Probe x2  
  61  6:53  Phoenix  
  65  6:59  Nexus  
  65  7:02  Probe  
  65  7:03  Probe  
  65  7:08  Phoenix  
  69  7:18  Phoenix  
  71  7:31  Protoss Air Armor Level 1 (Chrono Boost)  
  71  7:33  Phoenix  
  71  7:37  Charge (Chrono Boost)  
  73  7:39  Fleet Beacon  
  73  7:40  Probe  
  73  7:42  Probe  
  73  7:43  Phoenix  
  77  7:49  Pylon  
  77  7:51  Pylon  
  77  8:12  Protoss Ground Weapons Level 2 (Chrono Boost)  
  74  8:15  Zealot x5  
  74  8:18  Probe  
  74  8:19  Probe x2  
  86  8:24  Phoenix  
  86  8:25  Phoenix  
  91  8:50  Assimilator  
  91  8:54  Assimilator  
  91  8:56  Phoenix  
  91  8:59  Anion Pulse-Crystals  
  91  9:02  Phoenix  
  95  9:04  Photon Cannon  
  95  9:08  Photon Cannon  
  95  9:10  Photon Cannon  
  95  9:17  Zealot x2  
  95  9:18  Zealot x2  
  95  9:21  Protoss Air Weapons Level 2 (Chrono Boost)  
  78  9:41  Zealot x5  
  52  10:05  Zealot x5  
  60  10:15  Probe x3  
  63  10:30  Phoenix x2  
  67  10:39  Robotics Facility  
  67  10:40  Pylon  
  67  10:48  Zealot x3  
  67  10:49  Zealot x2  
  77  10:51  Pylon  
  77  10:54  Pylon  
  81  11:08  Void Ray x2 (Chrono Boost)  
  85  11:14  Zealot  
  85  11:35  Sentry  
  85  11:36  Sentry x4  
  95  11:49  Void Ray x2 (Chrono Boost)  
  103  11:55  Warp Prism  
  105  12:13  Gateway  
  105  12:18  Photon Cannon  
  105  12:26  Void Ray x2 (Chrono Boost)  
  101  13:18  Zealot x2  
Tags
 
League
GoldGold
Matchup
PvZ
Replay Pack
All Mines
Spawn Locations
Close Positions
Add a new tag
Caveats
  • Supply blocks, unpowered buildings, or Contaminate may cause inaccurate times.
  • Supply counts are checked every 10 seconds.